Map: Catalyst LE

Players

Namshar

  • Race: Zerg Zerg
  • Spawn Location: 5:00

Harstem - Winner!

  • Race: Protoss Protoss
  • Spawn Location: 11:00

Event: WCS Valencia 2018

VOD

Have the link to the VOD?

Description

Time

  • Played on: July 12, 2018, 2:12 p.m.
  • Length: 6:09

All games in this series

Show
View Real Time Build Order
Export as new Build Order

Namshar Zerg 

Build Orders: Hatch First, Ravager All-In 

Get SALT Encoding   

  12  0:00  Drone  
  13  0:07  Drone  
  14  0:16  Overlord  
  14  0:34  Drone x2  
  16  0:48  Hatchery  
  15  0:51  Drone  
  15  0:54  Drone  
  17  0:58  Drone  
  18  1:14  Spawning Pool  
  17  1:19  Drone  
  17  1:22  Drone  
  19  1:29  Drone  
  20  1:37  Extractor  
  20  1:38  Extractor  
  18  1:45  Drone  
  19  2:02  Roach Warren  
  19  2:04  Queen  
  20  2:09  Queen  
  22  2:17  Overlord  
  22  2:27  Overlord  
  22  2:43  Roach x2  
  26  2:47  Roach  
  28  2:56  Drone  
  29  3:03  Ravager x2  
  31  3:07  Ravager  
  31  3:08  Roach  
  31  3:11  Extractor  
  33  3:25  Roach x2  
  35  3:29  Ravager  
  35  3:30  Drone x2  
  35  3:40  Roach  
  37  3:47  Drone  
  38  3:49  Ravager  
  39  3:56  Ravager  
  37  4:13  Roach x2  
  37  4:15  Roach x2  
  41  4:29  Roach  
  37  4:43  Roach x2  
  31  4:47  Ravager  
  31  4:49  Roach x2  
  31  4:51  Ravager  
  37  4:56  Roach  
  39  5:05  Ravager x2  
  41  5:20  Ravager  
  34  5:39  Roach x2  
  34  5:40  Roach  
  34  5:42  Roach x2  
Show
View Real Time Build Order
Export as new Build Order

Harstem Protoss - Winner!

Build Orders:  

Get SALT Encoding   

  12  0:00  Probe  
  13  0:12  Probe  
  14  0:18  Pylon  
  14  0:24  Probe  
  15  0:32  Probe  
  15  0:40  Probe  
  16  0:42  Forge  
  17  0:51  Probe  
  18  1:06  Pylon  
  18  1:11  Pylon x2  
  18  1:24  Gateway  
  18  1:28  Photon Cannon  
  18  1:32  Pylon  
  18  1:33  Probe  
  18  1:37  Assimilator  
  19  1:45  Probe  
  20  1:56  Photon Cannon  
  20  1:58  Probe  
  21  2:05  Photon Cannon  
  21  2:14  Gateway  
  21  2:16  Cybernetics Core  
  21  2:25  Probe  
  22  2:37  Pylon, Probe  
  23  2:43  Stalker  
  23  2:53  Stalker  
  23  2:55  Shield Battery  
  23  2:58  Shield Battery  
  25  3:00  Shield Battery  
  27  3:09  Stalker  
  27  3:11  Shield Battery  
  27  3:18  Shield Battery  
  29  3:29  Stalker  
  31  3:34  Shield Battery  
  31  3:45  Shield Battery  
  31  3:46  Stalker  
  33  3:52  Shield Battery  
  33  3:59  Shield Battery  
  33  4:03  Stalker  
  35  4:15  Shield Battery  
  33  4:18  Shield Battery  
  33  4:24  Pylon  
  33  4:26  Pylon  
  33  4:42  Stalker  
  33  4:43  Stalker  
  35  4:50  Shield Battery  
  35  4:54  Assimilator, Probe  
  36  5:04  Shield Battery  
  36  5:12  Stalker, Probe  
  39  5:18  Shield Battery  
  39  5:28  Probe  
  39  5:32  Stalker  
  42  5:43  Probe  
  42  5:45  Gateway  
  43  5:53  Gateway  
  43  5:56  Pylon  
Tags
 
Add a new tag
Caveats
  • Supply blocks, unpowered buildings, or Contaminate may cause inaccurate times.
  • Supply counts are checked every 10 seconds.